 Dungeon Crawl Stone Soup version 0.29.1-14-g9c671dbff4 (webtiles) character file.

Game seed: 11209816754695978806

74281 TittyCrusher the Spear-Bearer (level 15, -4/103 HPs)
             Began as a Demonspawn Gladiator on Feb 13, 2023.
             Was a High Priest of Vehumet.
             Slain by a torpor snail (11 damage)
             ... on level 1 of the Spider Nest.
             The game lasted 01:47:24 (22611 turns).

TittyCrusher the Spear-Bearer (DsGl)               Turns: 22611, Time: 01:47:25

Health: -4/103     AC:  4    Str: 22    XL:     15   Next: 6%
Magic:  0/24       EV:  8    Int: 13    God:    Vehumet [*****.]
Gold:   563        SH:  0    Dex: 28    Spells: 2/26 levels left

rFire   x . .      SeeInvis .   a - +5 trident (vamp)
rCold   + . .      Faith    .   Y - +2 buckler
rNeg    . . .      Spirit   +   A - +3 ring mail of Xoliax {Str+4 Dex+3}
rPois   .          Reflect  .   c - +1 helmet
rElec   .          Harm     .   (no cloak)
rCorr   .          Rampage  .   l - +0 pair of gloves
Will    +....                   (no boots)
Stlth   ++++......              o - amulet of regeneration
HPRegen 5.07/turn               y - +6 ring of dexterity
MPRegen 0.38/turn               v - ring of ice

@: corroded, held, slowed, very slow
A: thin skeletal structure 2, powered by death 2, magic shield, magic
regeneration, magic link, demonic touch 1
a: Renounce Religion


You were on level 1 of the Spider Nest.
You worshipped Vehumet.
Vehumet was extremely pleased with you.
You visited 5 branches of the dungeon, and saw 24 of its levels.
You also visited: Sewer.

You collected 2151 gold pieces.
You spent 1588 gold pieces at shops.

Inventory:

Hand Weapons
 a - a +5 vampiric trident (weapon)
 C - the +0 rapier of Vengeance {drain, rElec rN+ Stlth+}
   (You found it on level 5 of the Lair of Beasts)

   A truly terrible weapon, it drains the life of any living foe it strikes.
   rElec:     It insulates you from electricity.
   rN:        It protects you from negative energy.
   Stlth:     It makes you more stealthy.
 L - the +9 short sword of the King {vamp, rC- rN++ MP+9 Stlth+}
   (You found it on level 6 of the Dungeon)

   It occasionally heals its wielder for a portion of the damage dealt when it
   wounds a living foe.
   rC:        It makes you vulnerable to cold.
   rN:        It greatly protects you from negative energy.
   MP:        It affects your magic capacity (+9).
   Stlth:     It makes you more stealthy.
 W - the +7 dagger of Lemiy {freeze, *Noise rC+++ SInv}
   (You found it on level 11 of the Dungeon)

   It freezes those it strikes, dealing additional cold damage.
   It can also slow down cold-blooded creatures.
   rC:        It renders you almost immune to cold.
   SInv:      It lets you see invisible.
   *Noise:    It may make noises in combat.
Missiles
 d - a throwing net
 j - 157 stones (quivered)
 p - 35 poisoned darts
Armour
 c - a +1 helmet (worn)
 l - a +0 pair of gloves (worn)
 A - the +3 ring mail of Xoliax (worn) {Str+4 Dex+3}
   (You acquired it on level 11 of the Dungeon)

   Str:       It affects your strength (+4).
   Dex:       It affects your dexterity (+3).
 J - a +2 robe of the Archmagi
 Y - a +2 buckler (worn)
Magical Staves
 b - a staff of air
Jewellery
 g - an amulet of magic regeneration
 i - a +4 ring of protection
 o - an amulet of regeneration (around neck)
 r - a +6 ring of dexterity
 u - an amulet of reflection
 v - a ring of ice (right hand)
 x - a ring of protection from fire
 y - a +6 ring of dexterity (left hand)
 F - the amulet "Cylaxu" {Spirit rN+ Dex+4}
   (You found it on level 5 of the Lair of Beasts)

   [amulet of guardian spirit]

   It causes incoming damage to be divided between your reserves of health and
   magic.
   Dex:       It affects your dexterity (+4).
   rN:        It protects you from negative energy.
 K - a ring of magical power
Wands
 e - a wand of flame (9)
 n - a wand of paralysis (28)
 z - a wand of mindburst (13)
 I - a wand of roots (3)
 P - a wand of digging (6)
 X - a wand of polymorph (9)
Scrolls
 f - 2 scrolls of immolation
 m - 5 scrolls of teleportation
 q - 2 scrolls of amnesia
 t - 2 scrolls of enchant weapon
 E - 3 scrolls of vulnerability
 G - a scroll of poison
 H - a scroll of silence
 O - 2 scrolls of magic mapping
Potions
 h - 5 potions of ambrosia
 s - 6 potions of haste
 w - 4 potions of curing
 B - a potion of magic {unknown}
 D - 4 potions of lignification
 N - 3 potions of flight
 Q - a potion of invisibility
 R - 4 potions of might
 S - a potion of brilliance
 T - a potion of resistance
 U - 3 potions of berserk rage
 V - 2 potions of mutation
Miscellaneous
 M - a condenser vane
 Z - a box of beasts


   Skills:
 - Level 5.2 Fighting
 - Level 14.4 Polearms
 - Level 1.7 Throwing
 - Level 6.1 Armour
 - Level 6.5 Dodging
 - Level 4.3 Shields
 - Level 6.2 Spellcasting
 - Level 4.7 Conjurations
 - Level 5.4 Summonings
 - Level 0.3 Translocations
 + Level 5.5 Ice Magic
 - Level 14.0 Air Magic


You had 2 spell levels left.
You knew the following spells:

 Your Spells              Type           Power      Damage    Failure   Level
a - Sandblast             Erth           8%         2d5       9%          1
b - Airstrike             Air            20%        2d(3-19)  1%          4
c - Summon Lightning Spi  Summ/Air       29%        N/A       6%          4
d - Mephitic Cloud        Conj/Pois/Air  20%        N/A       2%          3
e - Lightning Bolt        Conj/Air       14%        1d27      5%          5
f - Blink                 Tloc           8%         N/A       41%         2
g - Freezing Cloud        Conj/Ice/Air   18%        6-21      9%          5

Your spell library contained the following spells:

 Spells                   Type           Power      Damage    Failure   Level
 Starburst                Conj/Fire      5%         6d4       98%         6
 Poisonous Vapours        Pois/Air       44%        N/A       1%          2
 Static Discharge         Conj/Air       28%        3-7/arc   1%          2
 Sting                    Tmut/Pois      16%        1d3       32%         1
 Call Canine Familiar     Summ           18%        N/A       11%         3
 Ignite Poison            Fire/Tmut/Pois 4%         N/A       24%         3
 Sticky Flame             Conj/Fire      10%        2d3       30%         4
 Olgreb's Toxic Radiance  Pois           4%         N/A       58%         4
 Lesser Beckoning         Tloc           4%         N/A       65%         3
 Portal Projectile        Hex/Tloc       8%         N/A       67%         3
 Dispel Undead            Necr           4%         3d7       97%         4
 Leda's Liquefaction      Hex/Erth       2%         N/A       97%         4
 Manifold Assault         Tloc           4%         N/A       100%        5


Dungeon Overview and Level Annotations

Branches:
Dungeon (15/15)            Temple (1/1) D:5            Lair (5/5) D:9
 Shoals (0/4) Lair:3       Spider (1/4) Lair:2        Slime (0/5) Lair:5
    Orc (2/2) D:10            Elf (0/3) Orc:2        Vaults (0/5) D:14
  Sewer (visited)
 Depths: D:15

Altars:
Ashenzari
Cheibriados
Dithmenos
Fedhas
Gozag
Hepliaklqana
Kikubaaqudgha
Makhleb
Nemelex Xobeh
Okawaru
Qazlal
Ru
Sif Muna
Trog
Uskayaw
Vehumet
Wu Jian
Xom
Yredelemnul
Jiyva

Shops:
D:10 [   Orc:2 !*(:

Portals:
Pandemonium: Orc:2

Annotations:
D:7 1 runed translucent door, 1 exclusion
D:14 3 runed translucent doors, exclusion: downstairs, Pios Xaciraj's ghost, journeyman DgHW
Lair:2 1 runed translucent door, Gadrel's ghost, adept DrEE
Lair:4 exclusion: 2 downstairs
Lair:5 exclusion: hydra, Rupert


Innate Abilities, Weirdness & Mutations

You have a moderately thin skeletal structure. (Dex +4, Stealth++)
You regenerate health from kills.
When hurt, damage is shared between your health and your magic reserves.
You regenerate magic rapidly.
When low on magic, you restore magic in place of health.
Your touch may inflict minor irresistible damage on your foes.


Message History

* * * LOW HITPOINT WARNING * * *
You feel extremely sick.
The redback is engulfed in freezing vapours.
The redback bites you!
* * * LOW HITPOINT WARNING * * *
The redback is engulfed in freezing vapours.
You kill the redback!
Vehumet accepts your kill.
You feel your power returning.
You feel much better.
You are engulfed in freezing vapours.
You resist.
* * * LOW HITPOINT WARNING * * *
You feel extremely sick.
Press: ? - help, v - describe, . - travel
Here: a torpor snail (freezing vapour)
The floor.
Unknown command.
Okay, then.
Unknown command.
Unknown command.
You feel better.
You are engulfed in freezing vapours.
You resist.
* * * LOW HITPOINT WARNING * * *
The torpor snail is engulfed in freezing vapours.
The torpor snail bites you!!
* * * LOW HITPOINT WARNING * * *
Unknown command.
Okay, then.
Unknown command.
Unknown command.
You feel better.
You are engulfed in freezing vapours.
You resist.
* * * LOW HITPOINT WARNING * * *
The torpor snail is engulfed in freezing vapours.
The torpor snail completely misses you.
Press: ? - help, v - describe, . - travel
Here: a torpor snail (freezing vapour, heavily wounded)
The floor.
You feel better.
You are engulfed in freezing vapours.
You resist.
* * * LOW HITPOINT WARNING * * *
The torpor snail is engulfed in freezing vapours.
The torpor snail bites you!!
You die...

...........#..### #.....
#..........##...#..#....
#.........###..#..##..^.
#........## #..##.##....
#......†.# #.### ##....
.######.## #.# ##...
###†## #^# #####°§#§##
### #.....☼@.§#
.....§w☼#§°#
.....^§§#.§§..
......§§#.#.†..
.......§#....:..
........... ....
.......##....... #.....#


You could see a torpor snail.

Vanquished Creatures
  Gastronok (Orc:1)
  An orc warlord (Orc:1)
  An entropy weaver (Spider:1)
  Snorg (D:10)
  Josephine (D:15)
  3 boulder beetles
  7 hydras
  2 centaur warriors
  2 two-headed ogres
  A merfolk avatar (Lair:5)
  2 demonspawn (Orc:2)
  Urug (Lair:5)
  6 orc high priests (Orc:2)
  Sonja (Lair:5)
  A pharaoh ant (Spider:1)
  A soul eater (D:10)
  2 sea snakes (Lair:5)
  3 steelbarb worms (Spider:1)
  3 orb spiders
  An orc knight (Orc:2)
  An obsidian statue (D:10)
  2 harpies (Lair:5)
  2 wolf spiders (Spider:1)
  A cyclops (D:15)
  2 elephants (Lair:5)
  3 ugly things
  A manticore (D:12)
  3 orc sorcerers (Orc:2)
  Joseph (D:7)
  3 black mambas
  Maggie (D:7)
  15 cane toads
  An unseen horror (D:11)
  5 komodo dragons
  A kobold demonologist (D:11)
  A demonic crawler (Spider:1)
  An ice devil (Orc:2)
  2 rime drakes
  3 polar bears
  A hellwing (Orc:2)
  2 tengu conjurers (D:11)
  A hornet (D:10)
  5 trolls
  2 wind drakes (Lair:5)
  2 tarantellas (Spider:1)
  3 snapping turtles
  33 blink frogs
  4 jumping spiders (Spider:1)
  2 shadows
  3 culicivoras (Spider:1)
  9 wyverns
  24 yaks
  A vampire (D:11)
  8 wraiths
  A chaos spawn (Orc:2)
  3 basilisks
  3 steam dragons
  3 redbacks (Spider:1)
  3 vampire mosquitoes (D:9)
  Edmund (D:5)
  A warg (Orc:2)
  12 water moccasins
  2 acid dragons
  Pargi (Sewer)
  32 orc warriors
  2 sky beasts (D:7)
  4 ice beasts (D:7)
  2 black bears (D:9)
  A tengu (shapeshifter) (D:15)
  7 wolves
  10 ogres
  11 centaurs
  2 phantoms
  3 kobold brigands
  10 bullfrogs
  9 necrophages
  6 scorpions
  4 killer bees (D:9)
  2 electric eels (Lair:3)
  9 howler monkeys
  2 gnoll boudas
  31 orc priests
  6 hounds
  An iguana (D:7)
  9 orc wizards
  12 gnolls
  13 adders
  A white imp (D:5)
  2 ufetubi (D:5)
  3 worms
  3 dart slugs
  58 orcs
  14 bats
  3 endoplasms (D:1)
  4 giant cockroaches
  4 goblins
  3 hobgoblins
  5 jackals (D:4)
  6 ball pythons
  A frilled lizard (D:3)
  20 kobolds
  3 rats (D:3)
538 creatures vanquished.

Vanquished Creatures (collateral kills)
  A demonspawn (Orc:2)
  An orc high priest (Orc:2)
  4 orc knights
  2 orc sorcerers (Orc:2)
  An ice devil (D:10)
  4 orc warriors (Orc:2)
  An orc priest (Orc:2)
  6 orcs
20 creatures vanquished.

Vanquished Creatures (others)
  53 fungi
  65 plants
  12 withered plants (D:15)
130 creatures vanquished.

Grand Total: 688 creatures vanquished

Notes
Turn   | Place    | Note
-------+----------+-------------------------------------------
     0 | D:1      | TittyCrusher the Demonspawn Gladiator began the quest for
                  | the Orb.
     0 | D:1      | Reached XP level 1. HP: 16/16 MP: 1/1
   256 | D:1      | Found a faded altar of an unknown god.
   583 | D:1      | Gained mutation: You regenerate magic rapidly. [demonic
                  | ancestry]
   583 | D:1      | Reached XP level 2. HP: 22/22 MP: 2/2
  1368 | D:3      | Identified a scroll of acquirement
  1369 | D:3      | Acquired a +2 vampiric glaive
  1524 | D:3      | Gained mutation: You regenerate a little health from kills.
                  | [demonic ancestry]
  1524 | D:3      | Reached XP level 3. HP: 27/27 MP: 3/3
  1818 | D:3      | Gained mutation: When hurt, damage is shared between your
                  | health and your magic reserves. [demonic ancestry]
  1818 | D:3      | Reached XP level 4. HP: 33/33 MP: 4/4
  2052 | D:3      | Reached skill level 5 in Polearms
  2197 | D:3      | You fall into a shaft and drop 1 floor!
  2687 | D:3      | Gained mutation: You regenerate health from kills. [demonic
                  | ancestry]
  2687 | D:3      | Reached XP level 5. HP: 38/38 MP: 5/5
  3334 | D:4      | Noticed an orc warrior
  3373 | D:4      | Killed an orc warrior
  3374 | D:4      | Reached XP level 6. HP: 44/44 MP: 6/6
  4167 | D:5      | Entered Level 5 of the Dungeon
  4184 | D:5      | Gained mutation: When low on magic, you restore magic in
                  | place of health. [demonic ancestry]
  4184 | D:5      | Reached XP level 7. HP: 50/50 MP: 7/7
  4210 | D:5      | Found a staircase to the Ecumenical Temple.
  4218 | Temple   | Entered the Ecumenical Temple
  4426 | D:5      | Noticed Edmund
  4444 | D:5      | Killed Edmund
  4901 | D:5      | Reached XP level 8. HP: 54/56 MP: 8/8
  5296 | D:6      | Found a glowing drain.
  5356 | Sewer    | Entered a sewer
  5379 | Sewer    | Noticed Pargi
  5389 | Sewer    | Killed Pargi
  5390 | Sewer    | Reached skill level 10 in Polearms
  5893 | D:6      | Identified the +9 short sword of the King {vamp, rC- rN++
                  | MP+9 Stlth+}
  6246 | D:7      | Gained mutation: You have a somewhat thin skeletal
                  | structure. (Dex +2, Stealth+) [demonic ancestry]
  6246 | D:7      | Reached XP level 9. HP: 61/61 MP: 9/9
  6369 | D:7      | Noticed a troll
  6373 | D:7      | Found a runed translucent door.
  7042 | D:7      | Killed a troll
  7252 | D:8      | Noticed Joseph
  7283 | D:7      | Killed Joseph
  7284 | D:7      | Gained mutation: Your touch may inflict minor irresistible
                  | damage on your foes. [demonic ancestry]
  7284 | D:7      | Reached XP level 10. HP: 57/67 MP: 10/10
  7697 | D:8      | Noticed Maggie
  7707 | D:7      | Found a radiant altar of Vehumet.
  7715 | D:7      | Killed Maggie
  7762 | D:7      | Became a worshipper of Vehumet
  8114 | D:9      | Reached skill level 1 in Spellcasting
  8201 | D:9      | Found a staircase to the Lair.
  8269 | D:9      | Reached skill level 5 in Spellcasting
  8272 | D:9      | Reached * piety under Vehumet
  8272 | D:9      | Offered knowledge of Sandblast by Vehumet.
  8338 | D:9      | Gained mutation: You have a moderately thin skeletal
                  | structure. (Dex +4, Stealth++) [demonic ancestry]
  8338 | D:9      | Reached XP level 11. HP: 58/72 MP: 16/20
  8351 | D:9      | Learned a level 1 spell: Sandblast
  8371 | D:9      | Noticed a two-headed ogre
  8379 | D:9      | Killed a two-headed ogre
  8799 | D:10     | Entered Level 10 of the Dungeon
  8817 | D:10     | Noticed an obsidian statue
  8827 | D:10     | Noticed Snorg
  8886 | Lair:1   | Entered Level 1 of the Lair of Beasts
  8955 | Lair:1   | Learned a level 4 spell: Airstrike
  8960 | Lair:1   | Learned a level 4 spell: Summon Lightning Spire
  9035 | Lair:1   | Offered knowledge of Scorch by Vehumet.
  9131 | Lair:1   | Reached ** piety under Vehumet
  9282 | Lair:1   | Reached skill level 5 in Air Magic
  9926 | Lair:2   | Identified the +7 great sword "Arcanum" {venom, rCorr}
 10189 | Lair:2   | Found a runed translucent door.
 10194 | Lair:2   | Noticed Gadrel's ghost (adept DrEE)
 10372 | Lair:2   | Reached skill level 5 in Dodging
 10595 | Lair:2   | Found a hole to the Spider Nest.
 10595 | Lair:2   | Noticed an orb spider
 10601 | Lair:2   | Killed an orb spider
 10602 | Lair:2   | Reached XP level 12. HP: 78/78 MP: 10/21
 11007 | Lair:3   | Found a staircase to the Shoals.
 11382 | Lair:3   | Offered knowledge of Mephitic Cloud by Vehumet.
 11391 | Lair:3   | Learned a level 3 spell: Mephitic Cloud
 11861 | Lair:4   | Noticed a four-headed hydra
 11904 | Lair:4   | Killed a four-headed hydra
 12091 | Lair:4   | Reached *** piety under Vehumet
 12322 | Lair:4   | Reached skill level 10 in Air Magic
 12532 | Lair:5   | Entered Level 5 of the Lair of Beasts
 12532 | Lair:5   | Noticed a four-headed hydra
 12604 | Lair:4   | Offered knowledge of Flame Wave by Vehumet.
 12715 | Lair:5   | Noticed a merfolk avatar
 13020 | Lair:5   | Found a staircase to the Slime Pits.
 13025 | Lair:5   | Noticed Urug
 13028 | Lair:5   | Noticed a six-headed hydra
 13060 | Lair:4   | Reached XP level 13. HP: 71/83 MP: 22/22
 13128 | Lair:5   | Reached **** piety under Vehumet
 13229 | Lair:5   | Reached skill level 1 in Summonings
 13236 | Lair:5   | Noticed Rupert
 13453 | Lair:5   | Noticed Sonja
 13456 | Lair:5   | Killed Sonja
 13814 | D:10     | Offered knowledge of Lee's Rapid Deconstruction by Vehumet.
 13815 | D:10     | Reached skill level 5 in Summonings
 14021 | D:10     | Found a staircase to the Orcish Mines.
 14022 | D:10     | Found Meaquixu's Armour Shoppe.
 14554 | D:10     | Killed Snorg
 14970 | D:11     | Reached skill level 5 in Fighting
 15055 | D:11     | Acquired the +3 ring mail of Xoliax {Str+4 Dex+3}
 15143 | D:11     | Reached skill level 1 in Shields
 15334 | D:11     | Identified the +7 dagger of Lemiy {freeze, *Noise rC+++
                  | SInv}
 15476 | D:11     | Reached ***** piety under Vehumet
 15871 | D:12     | Offered knowledge of Ozocubu's Refrigeration by Vehumet.
 16203 | D:12     | Reached skill level 1 in Armour
 17278 | D:14     | Learned a level 5 spell: Lightning Bolt
 17416 | D:14     | Found a radiant altar of Vehumet.
 17610 | D:14     | Found a gate to the Vaults.
 18145 | Lair:5   | Killed Urug
 18149 | Lair:5   | Reached XP level 14. HP: 98/98 MP: 20/23
 18170 | Lair:5   | Reached skill level 5 in Armour
 18260 | Lair:5   | Identified the +0 rapier of Vengeance {drain, rElec rN+
                  | Stlth+}
 18261 | Lair:5   | Identified the amulet "Cylaxu" {Spirit rN+ Dex+4}
 18565 | Orc:1    | Entered Level 1 of the Orcish Mines
 18565 | Orc:1    | Noticed an orc warlord
 18589 | Orc:1    | Killed an orc warlord
 18626 | Orc:1    | Noticed Gastronok
 18708 | Orc:1    | Killed Gastronok
 18751 | Orc:1    | You fall into a shaft and drop 1 floor!
 18751 | Orc:2    | Entered Level 2 of the Orcish Mines
 18751 | Orc:2    | Found a burning altar of Makhleb.
 19251 | Orc:2    | Offered knowledge of Eringya's Noxious Bog by Vehumet.
 19324 | Orc:2    | Found a staircase to the Elven Halls.
 19648 | Orc:2    | Found Gaucefoz's Distillery.
 19694 | Orc:2    | Found Buvaat's General Store.
 20325 | Orc:1    | HP: 4/98 [soul eater (13)]
 20633 | Orc:2    | Reached skill level 1 in Conjurations
 20852 | Orc:2    | Found Yxirrumn's Book Shop.
 20852 | Orc:2    | Found a one-way gate leading to the halls of Pandemonium.
 20852 | Orc:2    | Found Livueqape's Antique Weapon Boutique.
 20856 | Orc:2    | Bought a book of Spatial Translocations for 442 gold pieces
 20856 | Orc:2    | Bought a Trismegistus Codex for 476 gold pieces
 20859 | Orc:2    | Learned a level 2 spell: Blink
 20865 | Orc:2    | Learned a level 5 spell: Freezing Cloud
 20896 | Orc:2    | Bought a potion of might for 44 gold pieces
 20896 | Orc:2    | Bought a scroll of enchant weapon for 82 gold pieces
 20898 | Orc:2    | Bought a potion of haste for 170 gold pieces
 20898 | Orc:2    | Bought a potion of might for 68 gold pieces
 20898 | Orc:2    | Bought 2 potions of curing for 102 gold pieces
 20898 | Orc:2    | Bought a potion of invisibility for 136 gold pieces
 20898 | Orc:2    | Bought a potion of might for 68 gold pieces
 21229 | D:14     | Found a runed translucent gate.
 21229 | D:14     | Found a runed translucent gate.
 21229 | D:14     | Found a runed translucent gate.
 21231 | D:14     | Noticed a rockslime
 21232 | D:14     | Noticed Pios Xaciraj's ghost (journeyman DgHW)
 21233 | D:14     | Noticed a quicksilver ooze
 21430 | D:14     | Found a viscous altar of Jiyva.
 21473 | D:15     | Entered Level 15 of the Dungeon
 21547 | D:15     | Reached skill level 1 in Ice Magic
 21808 | D:15     | Noticed Josephine
 21818 | D:15     | Killed Josephine
 22188 | Spider:1 | Entered Level 1 of the Spider Nest
 22558 | Spider:1 | Offered knowledge of Starburst by Vehumet.
 22559 | Spider:1 | Reached XP level 15. HP: 83/103 MP: 16/24
 22566 | Spider:1 | Reached skill level 5 in Ice Magic
 22611 | Spider:1 | Slain by a torpor snail

Illustrated notes

Levels and vault maps discovered:
D:1:      dpeg_arrival_tiny_a, layout_loops_cross,
          ebering_ecumenical_altar_petrified
D:2:      layout_basic
D:3:      layout_basic
D:4:      layout_loops_corners, roderic_lattice_a, hangedman_decor_peaks_small,
          guppyfry_early_orc_mine
D:5:      minmay_general_purpose_star, layout_cave_pools,
          minmay_temple_entry_hall, serial_column_ruins, column_ruins_hut,
          column_ruins_open_small, column_ruins_open_tiny,
          column_ruins_corridor_corner, column_ruins_open_tiny,
          column_ruins_open_medium, column_ruins_columns_straight,
          column_ruins_grid_3, uniq_edmund
D:6:      layout_loops_ring, gup_sewer_entry_glass, corexii_leaking_fountain
D:7:      minmay_the_grid_triangle_9x9_rhombus_full
          [minmay_the_grid_triangle_9x9_shrine,
          minmay_the_grid_triangle_9x9_checkered,
          minmay_the_grid_triangle_9x9_steps,
          minmay_the_grid_triangle_9x9_subtriangle,
          minmay_the_grid_triangle_9x9_corruption,
          minmay_the_grid_triangle_9x9_odd_lines,
          minmay_the_grid_triangle_9x9_semitri,
          minmay_the_grid_triangle_9x9_prize_schism], layout_cave_pools,
          nicolae_overflow_hidden_temple, minivault_25, uniq_duvessa
D:8:      layout_cave_pools, minmay_tree_intersection, uniq_maggie, uniq_joseph
D:9:      layout_roguey, due_lair_maze_entry_diamond
D:10:     old_forge, layout_gridville, orc_david_3, minivault_16, uniq_snorg
D:11:     layout_loops_ring
D:12:     layout_irregular_city, minmay_misc_feat_enclosed
D:13:     layout_long_grid
D:14:     layout_long_grid, lightli_vaults_fourway_checkpoint,
          nicolae_vehumet_radiance, gammafunk_ghost_ooze
D:15:     gammafunk_depths_entry_grave, layout_small_grid,
          serial_co_window_serial, co_window_paths_a, co_window_cross_1,
          co_window_paths_a, co_window_paths_a, co_window_corner_a,
          co_window_paths_c, co_window_broadway_c, co_window_corner_b,
          co_window_broadway_b, co_window_corner_b, co_window_of_opportunity_b,
          grunt_dithmenos_smoke, fungi_pond_lemuel, uniq_josephine
Temple:   nicolae_temple_bog_church
Lair:1:   layout_small_grid, minmay_holes
Lair:2:   layout_chaotic_city, nicolae_spider_entry_orb_guardian,
          hellmonk_ghost_happy_afterlife, roderic_carrion_pond,
          grunt_megastairs_1
Lair:3:   layout_hall_layers, minmay_shoals_entry_hut
Lair:4:   layout_roguey, minivault_19
Lair:5:   gammafunk_lair_ancient_temple, layout_regular_city, slime_entry_1,
          uniq_sonja, uniq_rupert, uniq_urug
Spider:1: layout_chambers
Orc:1:    layout_caves, mines2_david, uniq_gastronok
Orc:2:    pf_orc_diabolical, layout_caves, basic_altar

Skill      XL: |  1  2  3  4  5  6  7  8  9 10 11 12 13 14 15 |
---------------+----------------------------------------------+-----
Polearms       | 3 4 5 6 7 9 11 13 14 | 14.4
Spellcasting   | 6 |  6.2
Air Magic      | 7 11 12 14 | 14.0
Dodging        | 6 |  6.5
Summonings     | 5 |  5.4
Fighting       | 5 |  5.2
Shields        | 4 |  4.3
Armour         | 4 6 |  6.1
Conjurations   | 4 |  4.7
Ice Magic      | 4 5 |  5.5
Throwing       | |  1.7
Translocations | |  0.3

Action                   |  1- 3 |  4- 6 |  7- 9 | 10-12 | 13-15 || total
-------------------------+-------+-------+-------+-------+-------++-------
Melee: Trident           |   129 |   244 |   383 |   619 |   717 ||  2092
       Punch             |       |     1 |     6 |     8 |     4 ||    19
       Touch             |       |       |       |   123 |    37 ||   160
       Staff             |       |       |       |     1 |     6 ||     7
       Dagger            |       |       |       |       |     8 ||     8
Throw: Throwing net      |       |     2 |       |       |       ||     2
       Stone             |       |       |     2 |     2 |     4 ||     8
 Cast: Airstrike         |       |       |       |   103 |   205 ||   308
       Sandblast         |       |       |       |     1 |       ||     1
       Summon Lightning  |       |       |       |       |    36 ||    36
       Mephitic Cloud    |       |       |       |       |    63 ||    63
       Lightning Bolt    |       |       |       |       |    42 ||    42
       Freezing Cloud    |       |       |       |       |    17 ||    17
Evoke: Wand              |       |       |     2 |     8 |     5 ||    15
       Condenser vane    |       |       |       |       |     1 ||     1
  Use: Scroll            |     5 |     4 |     9 |     8 |    19 ||    45
       Potion            |     3 |     1 |     4 |     5 |    10 ||    23
 Stab: Held in net/web   |       |     3 |       |       |     2 ||     5
       Sleeping          |       |       |     1 |    15 |     4 ||    20
       Distracted        |       |       |       |     3 |     7 ||    10
       Confused          |       |       |       |       |    42 ||    42
       Invisible         |       |       |       |       |     3 ||     3
Armor: Leather armour    |    17 |       |       |       |       ||    17
       Ring mail         |    36 |   106 |   125 |    26 |    98 ||   391
       Steam dragon scal |       |       |       |    65 |       ||    65
       Robe              |       |       |       |    43 |    28 ||    71
Dodge: Dodged            |    99 |   103 |   142 |   259 |   362 ||   965
Block: Other             |       |    12 |       |       |       ||    12
       Reflection        |       |     2 |       |       |       ||     2
       Buckler           |       |       |       |       |   202 ||   202
